 Dungeon Crawl Stone Soup version 0.25-a0-265-g7af84ae0ac (webtiles) character file.

Game seed: 17445641502008211789, levelgen mode: deterministic

2569 floatRand the Blocker (level 9, -6/63 HPs)
             Began as a Demonspawn Fighter on Dec 7, 2019.
             Mangled by an orc warlord
             ... wielding a +0 war axe
              (33 damage)
             ... in a bailey.
             The game lasted 00:08:01 (5844 turns).

floatRand the Blocker (Demonspawn Fighter)          Turns: 5844, Time: 00:08:02

Health: -6/63      AC:  3    Str: 17    XL:     9   Next: 31%
Magic:  15/15      EV: 13    Int: 11    God:
Gold:   333        SH: 11    Dex: 16    Spells: 8/8 levels left

rFire    . . .     SeeInvis +   m - +6 whip "Teesk" {elec, Str-5 Int+2 SInv}
rCold    . . .     Gourm    +   c - +0 shield
rNeg     . . .     Faith    .   u - +0 leather armour {rPois}
rPois    +         Spirit   .   (no helmet)
rElec    .         Reflect  .   (no cloak)
rCorr    +         Harm     .   (no gloves)
MR       .....                  (no boots)
Stlth    +.........             p - amulet of the gourmand
HPRegen  0.20/turn              h - ring of resist corrosion
MPRegen  0.14/turn              s - +2 ring of evasion

@: mighty, very slightly contaminated
A: claws 1, repulsion field 1, powered by pain 2
a: no special abilities


You were in a bailey.
You were very full.

You visited 2 branches of the dungeon, and saw 8 of its levels.
You also visited: Bailey.

You collected 393 gold pieces.
You spent 60 gold pieces at shops.

Inventory:

Hand Weapons
 a - a +0 trident
 m - the +6 whip "Teesk" (weapon) {elec, Str-5 Int+2 SInv}
   (You found it on level 4 of the Dungeon)

   Occasionally, upon striking a foe, it will discharge some electrical energy
   and cause terrible harm.
   It affects your strength (-5).
   It affects your intelligence (+2).
   It lets you see invisible.
 n - a +2 whip of venom
 q - a +0 vampiric whip
 w - a +0 spear of flaming
Armour
 b - a +0 scale mail
 c - a +0 shield (worn)
 u - a +0 leather armour of poison resistance (worn)
Jewellery
 h - a ring of resist corrosion (left claw)
 j - an uncursed amulet of magic regeneration
 p - an amulet of the gourmand (around neck)
 s - a +2 ring of evasion (right claw)
 B - an uncursed ring of magical power {unknown}
Wands
 e - a wand of disintegration (10)
Scrolls
 g - 2 scrolls of enchant weapon
 v - a scroll of remove curse
 x - a scroll of amnesia
 y - a scroll of identify
 A - a scroll of fear
 C - 2 scrolls of teleportation
Potions
 i - 2 potions of mutation {unknown}
 k - a potion of berserk rage {unknown}
 l - 6 potions of flight {unknown}
 o - 2 potions of degeneration {unknown}
 r - 4 potions of curing {unknown}
 t - 2 potions of lignification
 z - a potion of cancellation {unknown}
 E - a potion of brilliance {unknown}
 F - a potion of ambrosia {unknown}
 H - 4 potions of resistance {unknown}
 I - a potion of agility {unknown}
 J - a potion of heal wounds {unknown}
Comestibles
 f - 14 rations
 D - 6 chunks of flesh


   Skills:
 - Level 3.0 Fighting
 + Level 8.8 Maces & Flails
 - Level 2.1 Polearms
 - Level 2.6 Armour
 + Level 9.4 Shields
   Level 9.2 Invocations


You had 8 spell levels left.
You didn't know any spells.
Your spell library was empty.

Dungeon Overview and Level Annotations

Branches:
Dungeon (7/15)             Temple (1/1) D:5          Bailey (1/1)

Altars:
Ashenzari
Cheibriados
Dithmenos
Elyvilon
Hepliaklqana
Kikubaaqudgha
Makhleb
Okawaru
Qazlal
Ru
Sif Muna
Trog
Uskayaw
Vehumet
Wu Jian
Xom
Yredelemnul
Zin
The Shining One

Shops:
D:5 (   D:6 }*}

Annotations:
D:3 1 runed translucent door, Crazy Yiuf


Innate Abilities, Weirdness & Mutations

You have sharp fingernails.
You are surrounded by a mild repulsion field. (EV +2)
You sometimes gain power by taking damage.


Message History

The orc warlord is lightly wounded.
The orc warlord closely misses you.
You barely miss the orc warlord.
The orc warlord is lightly wounded.
You hit the orc warlord.
Lightning courses through the orc warlord!
The orc warlord is moderately wounded.
The orc warlord hits you with a +0 war axe!!
You focus on the pain.
You feel mightier all of a sudden.
You hit the orc warlord.
The orc warlord is moderately wounded.
The orc warlord hits you with a +0 war axe!
You hit the orc warlord.
The orc warlord is moderately wounded.
You barely miss the orc warlord.
The orc warlord is moderately wounded.
The orc warlord hits you with a +0 war axe!!
Ouch! That really hurt!
You die...

##.........##.≈≈≈...♣
#≈....∩....≈#.≈≈≈...∩
≈.........≈#.≈≈≈K..♣
≈≈.8...8.≈ #.≈≈≈K..♣
###+###.......###'###..♣♣
##....#≈.8...8.≈#....##.♣
##.....#≈≈≈≈≈≈≈≈≈#.)...##♣
##......####o≈≈####()(...##
#...8...(..#'@'#..(...8...#
#.........................#
#........)................#
#..8..8.).........8..8..##
##.......#######.......##
##.....## ##.....## ##...##
##...## ##### #####


You could see an orc warlord.

Vanquished Creatures
  An orc knight (Bailey)
  Eustachio (D:6)
  A black bear (D:6)
  An orc warrior (Bailey)
  2 phantoms
  A sky beast (D:6)
  3 centaurs
  An ogre (D:5)
  A scorpion (D:6)
  A howler monkey (D:6)
  2 crimson imps (D:6)
  A jelly (D:7)
  2 hounds (D:6)
  3 orc priests
  A centaur skeleton (D:4)
  A bullfrog skeleton (D:6)
  4 orc wizards (D:7)
  3 worker ants
  2 hound skeletons
  A worker ant zombie (D:4)
  A gnoll (Bailey)
  A howler monkey skeleton (D:6)
  9 adders
  An adder skeleton (D:4)
  2 worms
  2 leopard geckos
  17 orcs
  4 giant cockroaches
  7 goblins
  12 hobgoblins
  5 jackals
  A quokka (D:7)
  A ball python skeleton (D:4)
  4 bats
  6 frilled lizards
  12 kobolds
  A leopard gecko skeleton (D:5)
  4 rats
123 creatures vanquished.

Notes
Turn   | Place    | Note
-------+----------+-------------------------------------------
     0 | D:1      | floatRand the Demonspawn Fighter began the quest for the
                  | Orb.
     0 | D:1      | Reached XP level 1. HP: 18/18 MP: 1/1
   480 | D:1      | Gained mutation: You have sharp fingernails. [demonic
                  | ancestry]
   480 | D:1      | Reached XP level 2. HP: 21/24 MP: 2/2
   713 | D:2      | Reached skill level 1 in Maces & Flails
   776 | D:2      | Gained mutation: You sometimes gain a little power by
                  | taking damage. [demonic ancestry]
   776 | D:2      | Reached XP level 3. HP: 6/29 MP: 3/3
  1068 | D:2      | Noticed a centaur
  1079 | D:2      | Killed a centaur
  1079 | D:2      | Reached XP level 4. HP: 6/35 MP: 4/4
  1429 | D:2      | Reached XP level 5. HP: 41/41 MP: 5/5
  1960 | D:3      | Found a runed translucent door.
  1961 | D:3      | Noticed Crazy Yiuf
  2571 | D:4      | Found a shattered altar of Ashenzari.
  2577 | D:4      | Got a transparent whip
  2599 | D:4      | Identified the +6 whip "Teesk" {elec, Str-5 Int+2 SInv}
                  | (You found it on level 4 of the Dungeon)
  2650 | D:4      | Noticed a phantom
  2668 | D:4      | Killed a phantom
  2668 | D:4      | Gained mutation: You sometimes gain power by taking damage.
                  | [demonic ancestry]
  2668 | D:4      | Reached XP level 6. HP: 36/47 MP: 6/6
  3087 | D:4      | Reached skill level 5 in Shields
  3300 | D:4      | Found an iron altar of Okawaru.
  3354 | D:4      | Gained mutation: You are surrounded by a mild repulsion
                  | field. (EV +2) [demonic ancestry]
  3354 | D:4      | Reached XP level 7. HP: 52/52 MP: 6/13
  3561 | D:5      | Entered Level 5 of the Dungeon
  3937 | D:5      | Found Vocuih's Antique Weapon Emporium.
  4060 | D:5      | Found the +3 giant club "Skullcrusher" {speed, Str+7}
  4064 | D:5      | Found a staircase to the Ecumenical Temple.
  4080 | D:5      | Reached XP level 8. HP: 52/58 MP: 14/14
  4089 | Temple   | Entered the Ecumenical Temple
  4494 | D:6      | Found Zaedus's Gadget Shop.
  4628 | D:6      | Found Cauxats's General Store.
  4631 | D:6      | Bought a scroll of identify for 22 gold pieces
  4631 | D:6      | Bought a scroll of fear for 38 gold pieces
  5051 | D:6      | Noticed Eustachio
  5058 | D:6      | Killed Eustachio
  5133 | D:6      | Found Mayso's Gadget Boutique.
  5256 | D:7      | Found a shimmering blue altar of Sif Muna.
  5265 | D:7      | Found a snail-covered altar of Cheibriados.
  5409 | D:7      | Reached XP level 9. HP: 53/63 MP: 15/15
  5605 | D:7      | Found a flagged portal.
  5659 | Bailey   | Entered a bailey
  5666 | Bailey   | Noticed an orc warlord
  5721 | Bailey   | Noticed an orc knight
  5737 | Bailey   | Killed an orc knight
  5744 | Bailey   | Found a runed translucent gate.
  5744 | Bailey   | Found a runed translucent gate.
  5744 | Bailey   | Found a runed translucent gate.
  5844 | Bailey   | Mangled by an orc warlord

Levels and vault maps discovered:
D:1:      lightli_iron_boxes, layout_loops_ring
D:2:      layout_rooms, first_ration, minivault_5
D:3:      layout_basic, uniq_crazy_yiuf_cottage
D:4:      layout_gridville, kennysheep_mini_moat,
          chequers_serial_rivers_large_a, cheibrodos_ashenzari_chains
D:5:      layout_loops_ring, minmay_temple_entry_crystal_x, serial_shops, shop
D:6:      layout_loops_ring, serial_shops, shop_statue, shop, shop,
          uniq_eustachio
D:7:      layout_loops_corners, grunt_temple_overflow_open, enter_bailey_8,
          basic_altar, serial_park_tiny_1
Temple:   regret_index_temple_generic_petals
Bailey:   bailey_axe_bossmonster_kennysheep, bailey

Skill      XL: |  1  2  3  4  5  6  7  8 |
---------------+-------------------------+-----
Polearms       | 2 |  2.1
Shields        | 3 4 8 9 |  9.4
Maces & Flails | 1 2 3 7 8 |  8.8
Invocations    | 9 |  9.2
Fighting       | |  3.0
Armour         | |  2.6

Action                   |  1- 3 |  4- 6 |  7- 9 || total
-------------------------+-------+-------+-------++-------
Melee: Trident           |    35 |       |       ||    35
       Whip              |    66 |   113 |   220 ||   399
Evoke: Wand              |       |       |     2 ||     2
  Use: Scroll            |     5 |     6 |     2 ||    13
       Potion            |       |     1 |     2 ||     3
 Stab: Sleeping          |       |       |     1 ||     1
  Eat: Chunk             |       |     8 |    19 ||    27
Armor: Scale mail        |    68 |    33 |     2 ||   103
       Leather armour    |       |       |    12 ||    12
Dodge: Dodged            |    36 |    26 |    85 ||   147
Block: Shield            |    65 |    56 |   119 ||   240

Table legend:
 A = Non-vault XP
 B = Vault XP
 C = Vault XP percentage of total XP
 D = Non-vault monster count
 E = Vault monster count
 F = Vault count percentage of total count
                 A         B        C        D         E       F
            +---------+---------+-------+---------+---------+-------
      Total |    2128 |    1021 |  32.4 |     103 |      20 |  16.3
            +---------+---------+-------+---------+---------+-------
        D:1 |      15 |       0 |   0.0 |      11 |       0 |   0.0
        D:2 |     195 |       0 |   0.0 |      24 |       0 |   0.0
        D:3 |      22 |       0 |   0.0 |      10 |       0 |   0.0
        D:4 |     355 |       0 |   0.0 |      15 |       0 |   0.0
        D:5 |     338 |       0 |   0.0 |      12 |       0 |   0.0
        D:6 |     930 |     214 |  18.7 |      16 |       1 |   5.9
        D:7 |     273 |       0 |   0.0 |      15 |       0 |   0.0
     Bailey |       0 |     807 | 100.0 |       0 |      19 | 100.0
            +---------+---------+-------+---------+---------+-------
